 Dungeon Crawl Stone Soup version 0.27-a0-577-ge2a43ba0c9 (webtiles) character file.

Game seed: 6465441434096850169

735 wakim the Skirmisher (level 7, -6/56 HPs)
             Began as a Gnoll Wanderer on Mar 9, 2021.
             Was an Initiate of Makhleb.
             Killed by nerve-wracking pain
             ... invoked by Menkaure
              (11 damage)
             ... on level 5 of the Dungeon.
             The game lasted 00:17:57 (5264 turns).

wakim the Skirmisher (Gnoll Wanderer)               Turns: 5264, Time: 00:17:58

Health: -6/56      AC: 10    Str: 12 (15) XL:     7   Next: 74%
Magic:  21/21      EV: 11    Int:  9 (12) God:    Makhleb [......]
Gold:   410        SH:  0    Dex: 15 (17) Spells: 10/13 levels left

rFire    . . .     SeeInvis .   a - +11 flail of the Equinox {vamp, Str+2}
rCold    . . .     Faith    .   (no shield)
rNeg     . . .     Spirit   .   f - +0 ring mail
rPois    .         Reflect  .   n - +1 helmet
rElec    .         Harm     .   i - +2 cloak
rCorr    .         Rampage  .   (no gloves)
Will     .....                  (no boots)
Stlth    ++........             (no amulet)
HPRegen  0.18/turn              o - +6 ring of dexterity
MPRegen  0.17/turn              w - ring of magical power

@: no status effects
A: fangs 1, strong nose, distributed training
a: Renounce Religion


You were on level 5 of the Dungeon.
You worshipped Makhleb.
Makhleb was noncommittal.
You visited 2 branches of the dungeon, and saw 6 of its levels.

You collected 410 gold pieces.

Inventory:

Hand Weapons
 a - the +11 flail of the Equinox (weapon) {vamp, Str+2}
   (You found it on level 4 of the Dungeon)

   It inflicts no extra harm, but heals its wielder when it wounds a living foe.
   It affects your strength (+2).
 b - a +0 hunting sling
 p - a +4 quarterstaff of chaos
Missiles
 m - 61 sling bullets
 x - 5 boomerangs (quivered)
Armour
 f - a +0 ring mail (worn)
 g - a +0 chain mail
 i - a +2 cloak (worn)
 n - a +1 helmet (worn)
Jewellery
 o - a +6 ring of dexterity (left hand)
 w - a ring of magical power (right hand)
Wands
 v - a wand of flame (18)
 y - a wand of iceblast (8)
Scrolls
 e - a scroll of blinking {unknown}
 k - a scroll of magic mapping {unknown}
 r - a scroll of fog {unknown}
 s - a scroll of fear {unknown}
 u - 2 scrolls of enchant armour {unknown}
 z - a scroll of noise {unknown}
Potions
 c - a potion of degeneration
 d - 3 potions of mutation
 h - 2 potions of might
 j - a potion of cancellation {unknown}
 l - a potion of berserk rage {unknown}
 q - a potion of flight {unknown}
 t - a potion of lignification {unknown}


   Skills:
 + Level 5.3 Fighting
 + Level 2.6 Short Blades
 + Level 2.6 Long Blades
 + Level 2.6 Axes
 + Level 2.6 Maces & Flails
 + Level 2.6 Polearms
 + Level 2.6 Staves
 + Level 2.6 Slings
 + Level 2.6 Bows
 + Level 2.6 Crossbows
 + Level 3.7 Throwing
 + Level 2.6 Armour
 + Level 3.7 Dodging
 + Level 3.6 Stealth
 + Level 3.7 Shields
 + Level 3.7 Unarmed Combat
 + Level 3.9 Spellcasting
 + Level 2.1 Conjurations
 + Level 2.1 Hexes
 + Level 4.4 Summonings
 + Level 2.1 Necromancy
 + Level 2.1 Translocations
 + Level 2.1 Transmutations
 + Level 2.1 Fire Magic
 + Level 2.1 Ice Magic
 + Level 2.1 Air Magic
 + Level 2.1 Earth Magic
 + Level 2.1 Poison Magic
 + Level 3.0 Invocations
 + Level 2.6 Evocations


You had 10 spell levels left.
You knew the following spells:

 Your Spells              Type           Power      Damage    Failure   Level
a - Summon Small Mammal   Summ           36%        N/A       10%         1
b - Wereblood             Tmut           5%         N/A       36%         2

Your spell library contained the following spells:

 Spells                   Type           Power      Damage    Failure   Level
 Call Imp                 Summ           9%         N/A       16%         2
 Animate Skeleton         Necr           10%        N/A       24%         1
 Apportation              Tloc           10%        N/A       24%         1
 Corona                   Hex            5%         N/A       24%         1
 Call Canine Familiar     Summ           9%         N/A       30%         3
 Passwall                 Tmut/Erth      4%         N/A       36%         2
 Summon Guardian Golem    Hex/Summ       7%         N/A       43%         3
 Summon Ice Beast         Ice/Summ       7%         N/A       83%         4
 Summon Lightning Spire   Summ/Air       7%         N/A       83%         4


Dungeon Overview and Level Annotations

Branches:
Dungeon (5/15)             Temple (1/1) D:5

Altars:
Cheibriados
Elyvilon
Gozag
Hepliaklqana
Makhleb
Nemelex Xobeh
Okawaru
Ru
Sif Muna
Uskayaw
Vehumet

Shops:
D:5 :

Annotations:
D:3 Grinder
D:5 Menkaure


Innate Abilities, Weirdness & Mutations

You have very sharp teeth.
Your uncanny sense of smell can sniff out nearby items.
Your experience applies equally to all skills.


Message History

Menkaure moves out of view.
Menkaure calls on the powers of darkness!
Your body is wracked with pain!
Menkaure casts a spell.
Menkaure seems to speed up.
Menkaure hits you.
* * * LOW HITPOINT WARNING * * *
You closely miss Menkaure. Menkaure misses you.
You hit Menkaure. You bite Menkaure, but do no damage.
Menkaure is lightly damaged.
Menkaure hits you!
* * * LOW HITPOINT WARNING * * *
Menkaure closely misses you.
Okay, then.
Unknown command.
Unknown command.
Okay, then.
It was a potion of degeneration.
There was something very wrong with that liquid.
You feel weakened.
You feel dopey.
You feel clumsy. Menkaure barely misses you. Menkaure misses you.
Menkaure calls on the powers of darkness!
Your body is wracked with pain!
* * * LOW HITPOINT WARNING * * *
Menkaure calls on the powers of darkness!
Your body is wracked with pain!
* * * LOW HITPOINT WARNING * * *
Menkaure casts a spell at you.
You struggle to resist.
Menkaure calls on the powers of darkness!
Your body is wracked with pain!
* * * LOW HITPOINT WARNING * * *
Menkaure calls on the powers of darkness!
Your body is wracked with pain!
* * * LOW HITPOINT WARNING * * *
There is an open door here.
Menkaure gestures at you while chanting.
Pain shoots through your body!
You die...

....#........+......#
....#........#......#
....#........#......#
...##...##...##.....#
#####...##...##.....#
.........#...M......#
.........#...#......#
.........#...#......#
...##....#...#..@..<#
...##....#...#......#
........##...##.....#
........##...##.....#
.........#...##.....#
...##....# #######
...##....# ...#.....#
...#.....#


You could see Menkaure (fast).

Vanquished Creatures
  A sky beast (D:5)
  A phantom (D:4)
  A scorpion (D:4)
  3 electric eels (D:4)
  A bullfrog zombie (D:5)
  Crazy Yiuf (D:2)
  5 hounds
  A worker ant (D:3)
  A hound skeleton (D:4)
  7 adders
  2 white imps (D:5)
  2 oozes
  3 dart slugs
  A leopard gecko (D:4)
  An orc (D:3)
  2 ball pythons
  3 bats
  A giant cockroach (D:2)
  5 hobgoblins
  4 jackals
  4 quokkas (D:2)
  5 frilled lizards
  5 goblins
  A jackal skeleton (D:4)
  7 kobolds
  A leopard gecko zombie (D:5)
  25 rats
94 creatures vanquished.

Vanquished Creatures (others)
  10 plants
10 creatures vanquished.

Grand Total: 104 creatures vanquished

Notes
Turn   | Place    | Note
-------+----------+-------------------------------------------
     0 | D:1      | wakim the Gnoll Wanderer began the quest for the Orb.
     0 | D:1      | wakim set off with the following items: a +0 club, a scroll
                  | of teleportation, a +0 robe; and the following spell
                  | memorised: Summon Small Mammal; and the following spells
                  | available to memorise: Call Imp, Call Canine Familiar,
                  | Summon Guardian Golem, Passwall, Wereblood, Summon Ice
                  | Beast, Summon Lightning Spire
     0 | D:1      | Reached XP level 1. HP: 20/20 MP: 4/4
   387 | D:1      | Reached XP level 2. HP: 26/26 MP: 5/5
  1442 | D:2      | Reached XP level 3. HP: 31/31 MP: 7/7
  1550 | D:2      | Reached skill level 1 in Invocations
  1586 | D:2      | Reached skill level 1 in Short Blades
  1586 | D:2      | Reached skill level 1 in Long Blades
  1586 | D:2      | Reached skill level 1 in Axes
  1586 | D:2      | Reached skill level 1 in Maces & Flails
  1586 | D:2      | Reached skill level 1 in Polearms
  1586 | D:2      | Reached skill level 1 in Staves
  1586 | D:2      | Reached skill level 1 in Slings
  1586 | D:2      | Reached skill level 1 in Bows
  1586 | D:2      | Reached skill level 1 in Crossbows
  1586 | D:2      | Reached skill level 1 in Armour
  1586 | D:2      | Reached skill level 1 in Evocations
  1627 | D:2      | Reached XP level 4. HP: 20/38 MP: 8/8
  2061 | D:2      | Reached skill level 1 in Conjurations
  2061 | D:2      | Reached skill level 1 in Hexes
  2061 | D:2      | Reached skill level 1 in Necromancy
  2061 | D:2      | Reached skill level 1 in Translocations
  2061 | D:2      | Reached skill level 1 in Transmutations
  2061 | D:2      | Reached skill level 1 in Fire Magic
  2061 | D:2      | Reached skill level 1 in Ice Magic
  2061 | D:2      | Reached skill level 1 in Air Magic
  2061 | D:2      | Reached skill level 1 in Earth Magic
  2061 | D:2      | Reached skill level 1 in Poison Magic
  2066 | D:2      | Reached XP level 5. HP: 26/43 MP: 9/9
  2270 | D:2      | Found a runed translucent door.
  2271 | D:2      | Noticed Crazy Yiuf
  2294 | D:2      | Killed Crazy Yiuf
  3297 | D:3      | Noticed Grinder
  3300 | D:3      | Paralysed by Grinder for 5 turns
  3596 | D:4      | Reached XP level 6. HP: 49/50 MP: 9/11
  3615 | D:4      | Identified the +11 flail of the Equinox {vamp, Str+2}
  3650 | D:4      | Reached skill level 5 in Fighting
  3828 | D:4      | Found a transporter.
  3840 | D:4      | Found a transporter.
  4089 | D:4      | Reached XP level 7. HP: 56/56 MP: 12/12
  4461 | D:5      | Entered Level 5 of the Dungeon
  4515 | D:5      | Found Unoseipt's Book Shop.
  4876 | D:5      | Learned a level 2 spell: Wereblood
  5061 | D:5      | Found a staircase to the Ecumenical Temple.
  5159 | Temple   | Entered the Ecumenical Temple
  5186 | Temple   | Became a worshipper of Makhleb the Destroyer
  5230 | D:5      | Noticed Menkaure
  5264 | D:5      | Killed from afar by Menkaure

Illustrated notes

Levels and vault maps discovered:
D:1:      psy_arrival_radial01, layout_basic, chequers_big_river
D:2:      layout_rooms, minmay_rat_hole, uniq_crazy_yiuf_cottage
D:3:      layout_loops_ring, uniq_grinder, uniq_ijyb
D:4:      gammafunk_steamed_eel, layout_cave_pools
D:5:      layout_gridville, minmay_temple_entry_antechambers, serial_shops,
          shop_statue, uniq_menkaure
Temple:   compressed_dpeg_triangle_lava_temple

Skill      XL: |  1  2  3  4  5  6  7 |
---------------+----------------------+-----
Invocations    | 1 2 3 |  3.0
Short Blades   | 1 2 |  2.6
Long Blades    | 1 2 |  2.6
Axes           | 1 2 |  2.6
Maces & Flails | 1 2 |  2.6
Polearms       | 1 2 |  2.6
Staves         | 1 2 |  2.6
Slings         | 1 2 |  2.6
Bows           | 1 2 |  2.6
Crossbows      | 1 2 |  2.6
Armour         | 1 2 |  2.6
Evocations     | 1 2 |  2.6
Spellcasting   | 3 |  3.9
Conjurations   | 1 2 |  2.1
Hexes          | 1 2 |  2.1
Necromancy     | 1 2 |  2.1
Translocations | 1 2 |  2.1
Transmutations | 1 2 |  2.1
Fire Magic     | 1 2 |  2.1
Ice Magic      | 1 2 |  2.1
Air Magic      | 1 2 |  2.1
Earth Magic    | 1 2 |  2.1
Poison Magic   | 1 2 |  2.1
Throwing       | 3 |  3.7
Dodging        | 3 |  3.7
Shields        | 3 |  3.7
Unarmed Combat | 3 |  3.7
Summonings     | 4 |  4.4
Stealth        | 3 |  3.6
Fighting       | 5 |  5.3

Action                   |  1- 3 |  4- 6 |  7- 9 || total
-------------------------+-------+-------+-------++-------
Melee: Club              |    11 |       |       ||    11
       Whip              |    54 |       |       ||    54
       Bite              |     7 |    11 |     3 ||    21
       Spear             |    31 |    77 |       ||   108
       Mace              |       |    53 |       ||    53
       Punch             |       |     4 |       ||     4
       Flail             |       |    14 |    27 ||    41
 Fire: Hunting sling     |    26 |    17 |     8 ||    51
Throw: Boomerang         |       |       |     4 ||     4
 Cast: Summon Small Mamm |     3 |       |       ||     3
Evoke: Wand              |       |     1 |     2 ||     3
  Use: Scroll            |       |     4 |       ||     4
       Potion            |       |       |     1 ||     1
 Stab: Sleeping          |       |     3 |     1 ||     4
Armor: Ring mail         |    34 |    76 |     8 ||   118
       Robe              |     2 |       |       ||     2
Dodge: Dodged            |    59 |    81 |    27 ||   167

Table legend: (Time is in decaauts)
 A = Elapsed time spent in this place.
 B = Non-inter-level travel time spent in this place.
 C = Inter-level travel time spent in this place.
 D = Time resting spent in this place.
 E = Time spent auto-exploring this place.
 F = Levels seen in this place.
 G = Mean time per level.
                   A        B        C        D        E       F      G
               +--------+--------+--------+--------+--------+-----+--------+
         Total |   5301 |   5081 |    220 |   1679 |   2356 |   6 |  883.5 |
       Dungeon |   5262 |   5049 |    213 |   1679 |   2340 |   5 | 1052.4 |
        Temple |     38 |     31 |      7 |      0 |     16 |   1 |   38.0 |
               +--------+--------+--------+--------+--------+-----+--------+

Top non-repeatable levels by time:
     D:1: 1455 daAuts
     D:2: 1397 daAuts
     D:4: 887 daAuts
     D:5: 771 daAuts
     D:3: 750 daAuts
  Temple: 38 daAuts
